 Dungeon Crawl Stone Soup version 0.27.1-33-g824d729ab1 (webtiles) character file.

Game seed: 4341075633716298705

100 zeram the Shield-Bearer (level 4, 0/29 HPs)
             Began as a Gargoyle Fighter on Dec 30, 2021.
             Slain by an ogre (17 damage)
             ... on level 4 of the Dungeon.
             The game lasted 00:03:22 (3588 turns).

zeram the Shield-Bearer (Gargoyle Fighter)          Turns: 3588, Time: 00:03:22

Health: 0/29       AC: 10    Str: 20    XL:     4   Next: 73%
Magic:  13/13      EV:  7    Int:  9    God:
Gold:   115        SH:  9    Dex:  9    Spells: 3/3 levels left

rFire    . . .     SeeInvis .   a - +0 flail
rCold    . . .     Faith    .   c - +0 kite shield
rNeg     + . .     Spirit   .   b - +0 scale mail
rPois    ∞         Reflect  .   (no helmet)
rElec    +         Harm     .   (no cloak)
rCorr    +         Rampage  .   (no gloves)
Will     .....                  (no boots)
Stlth    ..........             (no amulet)
HPRegen  0.09/turn              k - ring of resist corrosion
MPRegen  0.13/turn              e - ring of magical power

@: no status effects
A: sickness immunity, AC +3, negative energy resistance 1, electricity
resistance, torment resistance 1, petrification resistance
a: no special abilities


You were on level 4 of the Dungeon.
You visited 1 branch of the dungeon, and saw 4 of its levels.

You collected 115 gold pieces.

Inventory:

Hand Weapons
 a - a +0 flail (weapon)
Missiles
 j - 3 poisoned darts (quivered)
Armour
 b - a +0 scale mail (worn)
 c - a +0 kite shield (worn)
Jewellery
 e - a ring of magical power (right hand)
 f - an amulet of faith
 k - a ring of resist corrosion (left hand)
Scrolls
 g - a scroll of torment {unknown}
 m - a scroll of teleportation {unknown}
Potions
 d - 2 potions of might
 h - a potion of cancellation {unknown}
 i - a potion of degeneration {unknown}
 l - a potion of curing {unknown}


   Skills:
 + Level 3.7 Fighting
 + Level 2.7 Maces & Flails
 + Level 4.1 Armour
 + Level 0.4 Dodging
 + Level 4.2 Shields


You had 3 spell levels left.
You didn't know any spells.
Your spell library contained the following spells:

 Spells                   Type           Power      Damage    Failure   Level
 Beastly Appendage        Tmut           0%         N/A       99%         1
 Wereblood                Tmut           0%         N/A       100%        2
 Spider Form              Tmut/Pois      0%         N/A       100%        3


Dungeon Overview and Level Annotations

Branches:
Dungeon (4/15)
 Temple: D:4-7

Altars:


Innate Abilities, Weirdness & Mutations

You are immune to sickness and miasma.
Your stone body is resilient. (AC +3)
You are immune to poison.
You resist negative energy. (rN+)
You are resistant to electric shocks. (rElec)
You are resistant to unholy torment.
You are immune to petrification.


Message History

You block the adder's attack. The adder closely misses you.
You closely miss the adder.
The adder is moderately wounded.
The adder bites you but does no damage. You block the adder's attack.
You hit the adder.
The adder is heavily wounded.
You block the adder's attack. The adder barely misses you.
You hit the adder.
The adder is almost dead.
The adder bites you but does no damage. The adder barely misses you.
You completely miss the adder.
The adder is almost dead.
You block the adder's attack.
An ogre comes into view. It is wielding a +0 giant club.
You block the adder's attack.
You barely miss the adder.
The adder is almost dead.
The ogre shouts!
You block the adder's attack. The adder bites you but does no damage.
You closely miss the adder.
The adder is almost dead.
The adder bites you but does no damage. The adder barely misses you.
You barely miss the adder.
The adder is severely wounded.
You block the adder's attack.
An iguana comes into view.
The adder bites you but does no damage.
You closely miss the adder.
The adder is severely wounded.
The iguana hisses angrily.
You block the adder's attack. x2; The ogre hits you with a +0 giant club!
You barely miss the adder.
The adder is severely wounded.
The adder bites you. The adder bites you but does no damage.
The ogre barely misses you.
You closely miss the adder.
The adder is severely wounded.
The adder bites you. The ogre hits you with a +0 giant club!
Ouch! That really hurt!
You die...

.... #... #...
#...###+####
#.........#
#.........#
#...S.....#
#..O@.....#
####l........#
.......<.....#
####.........#
#).?......#
#.........#
######.#### .#
.#


You could see an ogre, an iguana and an adder.

Vanquished Creatures
  A gnoll (D:3)
  2 adders
  A worm (D:2)
  A dart slug (D:1)
  4 endoplasms
  A giant cockroach (D:1)
  5 goblins
  9 hobgoblins
  5 jackals
  5 quokkas
  4 ball pythons
  8 bats
  4 frilled lizards
  4 kobolds
  6 rats
60 creatures vanquished.

Notes
Turn   | Place    | Note
-------+----------+-------------------------------------------
     0 | D:1      | zeram the Gargoyle Fighter began the quest for the Orb.
     0 | D:1      | Reached XP level 1. HP: 14/14 MP: 1/1
    63 | D:1      | Reached XP level 2. HP: 9/19 MP: 2/2
   879 | D:1      | Reached XP level 3. HP: 21/23 MP: 3/3
  2189 | D:2      | Reached XP level 4. HP: 29/29 MP: 4/4
  3582 | D:4      | Noticed an ogre
  3588 | D:4      | Slain by an ogre

Illustrated notes

Levels and vault maps discovered:
D:1:      ncdulo_watergridlock, layout_basic, minmay_distorted
D:2:      layout_basic, glass_columns_c
D:3:      layout_rooms, minmay_fractal_squares_gapless_5
D:4:      layout_basic, minmay_temple_entry_fiery, kennysheep_generic_room_15

Skill      XL: |  1  2  3  4 |
---------------+-------------+-----
Shields        | 4 |  4.2
Armour         | 4 |  4.1
Fighting       | |  3.7
Maces & Flails | |  2.7
Dodging        | |  0.4

Action                   |  1- 3 |  4- 6 || total
-------------------------+-------+-------++-------
Melee: Flail             |   157 |   104 ||   261
  Use: Scroll            |     1 |       ||     1
Armor: Scale mail        |    85 |    77 ||   162
Dodge: Dodged            |    58 |    40 ||    98
Block: Kite shield       |   107 |    75 ||   182
